Unix NetHack Version 5.0.0-0 post-release - last build Jun 10 2026 00:39:30 (3ee93aec679c4c4259841fe613dc97188e26a321,branch:main).

Game began 2026-06-14 16:21:10, ended 2026-06-14 16:32:09.

DiePARTEI, neutral male human Tourist

           --------------
           |............|
           |...d........|
           |... d.....<.|
           -----@--.-----
                f'

DiePARTEI the Sightseer     St:11 Dx:13 Co:15 In:12 Wi:8 Ch:17  Neutral
Dlvl:7  $:54 HP:0(40) Pw:17(17) AC:4  Xp:5 T:1410  Burdened

Latest messages:
 Yasdy's ghost misses Bucky.
 Bucky misses yasdy's ghost.
 You feel agile!
 You must have been working on your reflexes.
 Bucky misses yasdy's ghost.
 Bucky misses yasdy's ghost.
 Bucky misses yasdy's ghost.
 Bucky misses yasdy's ghost.
 Bucky misses yasdy's ghost.
 Bucky misses yasdy's ghost.
 Bucky misses yasdy's ghost.
 You swap places with your large dog.
 There is an open door here.
 There are many objects here.
 Bucky misses yasdy's ghost.
 The rope golem misses!
 The rope golem just misses!
 The large cat bites!
 Bucky misses yasdy's ghost.
 Bucky misses yasdy's ghost.
 The large dog misses yasdy's ghost.
 The rope golem hits!
 The rope golem hits again!
 The rope golem grabs you!
 The large cat bites!
 What do you want to throw? [$a or ?*] e
 In what direction? 2
 The large cat seems more amiable.
 Your large cat devours an uncursed tripe ration.
 Yasdy's ghost touches you!
 Bucky misses yasdy's ghost.
 The large dog misses yasdy's ghost.
 The rope golem hits!
 The rope golem hits again!
 You are being choked.
 Bucky misses yasdy's ghost.
 The large dog misses yasdy's ghost.
 The large cat bites the rope golem.
 You cannot escape from the rope golem!
 Bucky misses yasdy's ghost.
 The large dog misses yasdy's ghost.
 The rope golem hits!
 The rope golem hits again!
 You are being choked.
 You die...
 Do you want your possessions identified? [ynq] (y) y
 Do you want to see your attributes? [ynq] (y) y
 Do you want an account of creatures vanquished? [ynaq] (y) y
 Do you want to see your conduct and achievements? [ynq] (y) y
 Do you want to see the dungeon overview? [ynq] (y) y

Inventory:
 Coins    ('$')
  $ - 54 gold pieces
 Weapons  (')')
  a - 24 +2 darts (at the ready)
 Armor    ('[')
  u - a cursed -1 pair of levitation boots
  t - a cursed +0 dwarvish roundshield (being worn)
  i - an uncursed +0 Hawaiian shirt with a toucan motif (being worn)
  n - a blessed +0 orcish chain mail (being worn)
 Comestibles  ('%')
  f - an uncursed cram ration
  d - 5 uncursed food rations
  p - an uncursed fortune cookie
  c - an uncursed orange
  e - 3 uncursed tripe rations
 Scrolls  ('?')
  m - an uncursed scroll of enchant weapon
  h - 4 uncursed scrolls of magic mapping
  v - an uncursed scroll of scare monster
 Spellbooks  ('+')
  q - an uncursed spellbook of healing
  w - an uncursed spellbook of healing
 Potions  ('!')
  y - an uncursed potion of speed
  l - a potion of holy water
 Wands    ('/')
  s - a wand of cold (0:2)
 Tools    ('(')
  k - an uncursed credit card
  z - an uncursed oil lamp (wielded)
 Gems/Stones  ('*')
  o - an uncursed worthless piece of yellow glass

DiePARTEI the Tourist's attributes:

Background:
 You were a Sightseer, a level 5 male human Tourist.
 You were neutral, on a mission for The Lady
 who was opposed by Blind Io (lawful) and Offler (chaotic).
 You were right-handed.
 You were in the Dungeons of Doom, on level 7.
 You entered the dungeon 1410 turns ago.
 There was a new moon in effect when your adventure ended.
 You had 168 experience points, 152 more were needed to attain level 6.

Basics:
 You had 0 out of 40 hit points.
 You had all 17 energy points (spell power).
 Your armor class was 4.
 Your wallet contained 54 zorkmids.
 Autopickup was off.

Final Characteristics:
 Your strength was 11 (limit:18/100).
 Your dexterity was 13 (limit:18).
 Your constitution was 15 (limit:18).
 Your intelligence was 12 (limit:18).
 Your wisdom was 8 (limit:18).
 Your charisma was 17 (limit:18).

Final Status:
 You were held by a rope golem (southeast).
 You weren't hungry.
 You were burdened; movement was slightly slowed.
 You were wielding a tool.

Final Attributes:
 You were fervently aligned.
 You were warded.
 Your spell casting was impaired by metallic armor.
 You are dead.

Miscellaneous:
 You encountered 1 bones level.
 Total elapsed playing time was 10 minutes and 58 seconds.

Major events:
 Turn
    1: DiePARTEI the neutral male human Tourist entered the dungeon
  305: entered the Gnomish Mines
  749: attained the rank of Sightseer (level 3)
 1410: killed by a rope golem

Spells:
 Name                 Level Category     Fail Retention
 healing                1   healing      100%  76%-100%

Skills:
 Fighting Skills
   bare handed combat [Unskilled]
   two weapon combat  [Unskilled]
   riding             [Unskilled]
 Weapon Skills
   dagger             [Unskilled]
   knife              [Unskilled]
   axe                [Unskilled]
   pick-axe           [Unskilled]
   short sword        [Unskilled]
   broadsword         [Unskilled]
   long sword         [Unskilled]
   two-handed sword   [Unskilled]
   saber              [Unskilled]
   mace               [Unskilled]
   morning star       [Unskilled]
   flail              [Unskilled]
   hammer             [Unskilled]
   quarterstaff       [Unskilled]
   polearms           [Unskilled]
   spear              [Unskilled]
   trident            [Unskilled]
   lance              [Unskilled]
   bow                [Unskilled]
   sling              [Unskilled]
   crossbow           [Unskilled]
   dart               [Basic]
   shuriken           [Unskilled]
   boomerang          [Unskilled]
   whip               [Unskilled]
   unicorn horn       [Unskilled]
 Spellcasting Skills
   divination spells  [Unskilled]
   enchantment spells [Unskilled]
   escape spells      [Unskilled]

Voluntary challenges:
 Character rerolling was not enabled.
 You never hit with a wielded weapon.
 You never genocided any monsters.
 You never polymorphed an object.
 You never changed form.
 You used no wishes.
Achievements:
 You entered the Gnomish Mines.
 You attained the rank of Sightseer.
 You entered a shop.

 The Dungeons of Doom: levels 1 to 7
    Level 1:
    Level 2:
       Some fountains.
    Level 3:
    Level 4:
       Stairs down to The Gnomish Mines.
    Level 5:
    Level 6:
       A tool shop, a sink.
    Level 7: <- You were here.
       Final resting place for
          you, killed by a rope golem,
          yasdy-Wiz-Elf-Fem-Cha, killed by a rope golem.
 The Gnomish Mines:
    Level 5:


Vanquished creatures:
  2 small mimics
  a rock piercer
  a rock mole
  a floating eye
 an iguana
  a hobbit
  a manes
  2 giant rats
  a gnome
  a gnome zombie
  2 geckos
  2 jackals
  a sewer rat
  a grid bug
  2 lichens
  2 newts
22 creatures vanquished.

No species were genocided or became extinct.

Game over:
                       ----------
                      /          \
                     /    REST    \
                    /      IN      \
                   /     PEACE      \
                  /                  \
                  |    DiePARTEI     |
                  |      54 Au       |
                  | killed by a rope |
                  |      golem       |
                  |                  |
                  |                  |
                  |       2026       |
                 *|     *  *  *      | *
        _________)/\\_//(\/(/\)/\//\/|_)_______

Aloha DiePARTEI the Tourist...

You died in The Dungeons of Doom on dungeon level 7 with 992 points,
and 54 pieces of gold, after 1410 moves.
You were level 5 with a maximum of 40 hit points when you died.

